 Dungeon Crawl Stone Soup version 0.31-a0-187-gba352fbbf7 (webtiles) character file.

Game seed: 5040374691619502444

1003 qw the Skirmisher (level 8, 0/45 HPs)
             Began as a Deep Elf Hunter on June 22, 2023.
             Succumbed to a water moccasin's poison
             ... on level 7 of the Dungeon.
             The game lasted 00:01:42 (5495 turns).

qw the Skirmisher (Deep Elf Hunter)                 Turns: 5495, Time: 00:01:43

Health: 0/45       AC:  8    Str: 10    XL:     8   Next: 0%
Magic:  10/10      EV: 13    Int: 15    God:
Gold:   304        SH:  0    Dex: 18    Spells: 7/7 levels left

rFire   . . .        Y - +2 orcbow
rCold   + . .        (shield currently unavailable)
rNeg    . . .        c - +1 leather armour {rC+}
rPois   .            (no helmet)
rElec   .            g - +0 cloak
rCorr   .            f - +2 pair of gloves {hurl}
SInv    .            (no boots)
Will    .....        (no amulet)
Stlth   ++           (no ring)
HPRegen 0.27/turn    (no ring)
MPRegen 0.12/turn

%: no passive effects
@: lethally poisoned (0 -> -25)
A: no striking features
a: no special abilities


You were on level 7 of the Dungeon.
You visited 2 branches of the dungeon, and saw 8 of its levels.

You collected 402 gold pieces.
You spent 98 gold pieces at shops.


   Skills:
 - Level 2.5 Fighting
 - Level 12.1 Ranged Weapons
 - Level 1.1 Armour
 + Level 3.6 Dodging
 - Level 1.2 Stealth


You had 7 spell levels left.
You didn't know any spells.
Your spell library was empty.

Inventory:

Hand Weapons
 Y - a +2 orcbow (weapon)
Armour
 c - a +1 leather armour of cold resistance (worn)
 f - a +2 pair of gloves of hurling (worn)
 g - a +0 cloak (worn)
 m - a +0 ring mail
Scrolls
 a - a scroll of identify
Potions
 b - a potion of mutation
 e - a potion of curing
 h - a potion of haste {unknown}
 k - a potion of cancellation {unknown}
 l - a potion of attraction {unknown}
 n - a potion of might {unknown}
 o - a potion of lignification {unknown}

Dungeon Overview and Level Annotations

Branches:
Dungeon (7/15)             Temple (1/1) D:5

Altars:
Ashenzari
Cheibriados
Dithmenos
Elyvilon
Fedhas
Gozag
Hepliaklqana
Kikubaaqudgha
Makhleb
Nemelex Xobeh
Qazlal
Ru
Sif Muna
Trog
Uskayaw
Vehumet
Wu Jian
Xom
Yredelemnul
Zin
The Shining One

Shops:
D:6 *


Message History

You shoot an arrow. The arrow hits the water moccasin.
The water moccasin is almost dead.
You feel very sick.
You hear a shout!
The water moccasin misses you. The orc barely misses you.
5490 ||| DRINKING 2 potions of heal wounds.
You feel much better.
You feel very sick. The water moccasin bites you.
You are more poisoned.
The water moccasin poisons you!
You shoot an arrow.
The arrow closely misses the water moccasin.
The arrow hits the orc.
The orc is heavily wounded.
You feel extremely sick.
The water moccasin bites you but does no damage.
An orc priest comes into view. It is wielding a +0 flail.
The water moccasin bites you.
5492 ||| DRINKING potion of heal wounds.
You feel much better.
You feel very sick. The water moccasin bites you.
You are more poisoned.
The water moccasin poisons you! Something barely misses you.
A wight comes into view. It is wielding a +0 morningstar.
You shoot an arrow.
The arrow completely misses the water moccasin.
The arrow hits the orc!
You kill the orc!
You feel extremely sick. The water moccasin closely misses you.
Something hits you but does no damage. The water moccasin barely misses you.
You shoot an arrow. The arrow misses the water moccasin.
You feel extremely sick. The water moccasin misses you.
Something hits you but does no damage.
The orc priest looks braver for a moment.
You shoot an arrow. The arrow hits the water moccasin!
You kill the water moccasin!
You die...

.# ..# ...##
...$## #....
#.... +# #....##
.#
#....{#####.#####
#...))@..z.......
#....###.........
#..o. #....)....
#...S ##...?....
#)... #<.......
...o.. #........
#...o.# #.#+#####
#..... #.# ..#


You could see a wight and an orc priest.

Vanquished Creatures
  A water moccasin (D:7)
  A sky beast (D:6)
  A phantom (D:6)
  2 scorpions
  3 howler monkeys
  6 hounds
  2 orc priests
  3 iguanas
  A sleepcap (D:6)
  2 orc wizards
  4 gnolls (D:3)
  4 adders
  A shadow imp (D:5)
  A white imp (D:5)
  2 worms
  2 dart slugs
  23 orcs
  7 bats
  4 endoplasms
  4 giant cockroaches
  11 goblins
  8 hobgoblins
  2 jackals (D:2)
  9 kobolds
  4 quokkas
  5 ball pythons
  4 frilled lizards
  4 rats
121 creatures vanquished.

Notes
Turn   | Place    | Note
-------+----------+-------------------------------------------
     0 | D:1      | qw the Deep Elf Hunter began the quest for the Orb.
     0 | D:1      | Reached XP level 1. HP: 12/12 MP: 3/3
     0 | D:1      | 0 ||| qw: Version: 0.3-a-9-g12657ce
     0 | D:1      | 0 ||| qw: Game counter: 2453
     0 | D:1      | 0 ||| qw: Always use a shield: true
     0 | D:1      | 0 ||| qw: God list: Okawaru
     0 | D:1      | 0 ||| qw: Allow faded altars: false
     0 | D:1      | 0 ||| qw: Do Orc after D:15 true
     0 | D:1      | 0 ||| qw: Do second Lair branch before Depths: true
     0 | D:1      | 0 ||| qw: Lair rune preference: random
     0 | D:1      | 0 ||| qw: Plans: Normal
     0 | D:1      | 0 ||| PLANNING D:1-11
   195 | D:1      | Reached XP level 2. HP: 16/16 MP: 4/4
   197 | D:1      | Reached skill level 6 in Ranged Weapons
   794 | D:1      | 794 ||| UPGRADING to +2 pair of gloves of hurling.
   799 | D:1      | 799 ||| UPGRADING to +0 cloak.
   804 | D:1      | 804 ||| DROPPING scroll of butterflies.
   842 | D:2      | Reached XP level 3. HP: 20/20 MP: 5/5
   915 | D:2      | Reached skill level 7 in Ranged Weapons
  1021 | D:2      | Found a faded altar of an unknown god.
  1246 | D:2      | Reached XP level 4. HP: 20/25 MP: 6/6
  1719 | D:2      | 1719 ||| DROPPING scarf of invisibility.
  1720 | D:2      | 1720 ||| READING 4 scrolls labelled DUNAYSHRUHE.
  1721 | D:2      | 1721 ||| READING 2 scrolls labelled ITOS MAVAJIBO.
  1722 | D:2      | 1722 ||| READING scroll labelled AGHURCHUWNI.
  1723 | D:2      | 1723 ||| READING scroll labelled ZEKHLI RAUSETZU.
  1724 | D:2      | 1724 ||| READING scroll labelled NINOKL LOIJ.
  1725 | D:2      | 1725 ||| READING 3 scrolls of identify.
  1725 | D:2      | 1725 ||| IDENTIFYING coppery potion
  1726 | D:2      | 1726 ||| READING 2 scrolls of identify.
  1726 | D:2      | 1726 ||| IDENTIFYING cyan potion
  1727 | D:2      | 1727 ||| DROPPING potion of berserk rage.
  1728 | D:2      | 1728 ||| DROPPING scroll of immolation.
  1868 | D:3      | 1868 ||| READING scroll of brand weapon.
  1868 | D:3      | 1868 ||| BRANDING +0 shortbow of draining.
  2099 | D:3      | Reached skill level 8 in Ranged Weapons
  2170 | D:3      | 2170 ||| Stepping ~*~*~tactically~*~*~ (outnumbered).
  2177 | D:3      | Reached XP level 5. HP: 23/29 MP: 7/7
  2685 | D:4      | 2685 ||| SWAPPING to +0 orcbow.
  2686 | D:4      | 2686 ||| DROPPING +0 heavy shortbow.
  2857 | D:4      | Reached skill level 9 in Ranged Weapons
  3032 | D:4      | Reached skill level 3 in Dodging
  3162 | D:4      | Reached XP level 6. HP: 30/35 MP: 8/8
  3563 | D:4      | 3563 ||| UPGRADING to +0 ring mail.
  3573 | D:4      | 3573 ||| DROPPING +0 leather armour.
  3574 | D:4      | 3574 ||| READING scroll labelled WEYRUK FITOIDD.
  3577 | D:4      | 3577 ||| READING scroll labelled EPRASI VARIM.
  3578 | D:4      | 3578 ||| READING 3 scrolls of identify.
  3578 | D:4      | 3578 ||| IDENTIFYING lumpy golden potion
  3579 | D:4      | 3579 ||| READING 2 scrolls of identify.
  3579 | D:4      | 3579 ||| IDENTIFYING ruby potion
  3619 | D:5      | Entered Level 5 of the Dungeon
  3690 | D:5      | Reached skill level 1 in Armour
  3789 | D:5      | Reached skill level 10 in Ranged Weapons
  3834 | D:5      | Reached XP level 7. HP: 40/40 MP: 9/9
  3851 | D:5      | Found a staircase to the Ecumenical Temple.
  3852 | D:5      | 3852 ||| PLANNING TEMPLE
  3852 | D:5      | 3852 ||| READING 2 scrolls labelled SOESTI XONIMPIROMP.
  3853 | D:5      | 3853 ||| READING scroll of enchant weapon.
  3853 | D:5      | 3853 ||| ENCHANTING +1 orcbow.
  3860 | Temple   | Entered the Ecumenical Temple
  4232 | Temple   | 4232 ||| PLANNING D:1-11
  4595 | D:5      | 4595 ||| READING scroll labelled OJYSIE HEN COTS.
  4695 | D:6      | 4695 ||| DRINKING 2 potions of curing.
  4695 | D:6      | 4695 ||| (to cure confusion)
  4712 | D:6      | Reached skill level 11 in Ranged Weapons
  5064 | D:6      | Reached skill level 12 in Ranged Weapons
  5135 | D:6      | Found Bittaa's CLEARANCE SALE!.
  5145 | D:6      | 5145 ||| BUYING +1 leather armour of cold resistance (98
                  | gold).
  5145 | D:6      | Bought a +1 leather armour of cold resistance for 98 gold
                  | pieces
  5416 | D:6      | 5416 ||| UPGRADING to +1 leather armour of cold resistance.
  5479 | D:7      | 5479 ||| Stepping ~*~*~tactically~*~*~ (outnumbered).
  5483 | D:7      | 5483 ||| Stepping ~*~*~tactically~*~*~ (outnumbered).
  5486 | D:7      | Reached XP level 8. HP: 30/45 MP: 10/10
  5489 | D:7      | HP: 7/45 [poisoned by a water moccasin]
  5490 | D:7      | 5490 ||| DRINKING 2 potions of heal wounds.
  5491 | D:7      | HP: 1/45 [water moccasin (4)]
  5492 | D:7      | 5492 ||| DRINKING potion of heal wounds.
  5495 | D:7      | Succumbed to a water moccasin's poison

Levels and vault maps discovered:
D:1:      dpeg_arrival_fog, layout_basic
D:2:      layout_basic, nicolae_ecumenical_lake_church
D:3:      layout_basic
D:4:      layout_loops_corners, minmay_misc_feat_five
D:5:      layout_rooms, minmay_temple_entry_tees, serial_corexii_hall,
          chequers_hall_statues_y, corexii_hall_statues_deadend,
          corexii_hall_statues_i, kennysheep_generic_room_6
D:6:      layout_gridville, nicolae_shop_clearance
D:7:      layout_basic
Temple:   mainiacjoe_temple_trianglar_array

Skill      XL: |  1  2  3  4  5  6  7 |
---------------+----------------------+-----
Ranged Weapons | 6 7 8 9 10 12 | 12.1
Dodging        | 3 |  3.6
Fighting       | 2 |  2.5
Armour         | 1 |  1.1
Stealth        | |  1.2

Action                     |  1- 3 |  4- 6 |  7- 9 || total
---------------------------+-------+-------+-------++-------
   Fire: Shortbow          |    99 |    47 |       ||   146
         Orcbow            |       |   110 |   100 ||   210
    Use: Scroll            |       |    12 |     3 ||    15
         Potion            |       |       |     3 ||     3
 Armour: Leather armour    |    13 |    14 |     3 ||    30
         Ring mail         |       |    10 |    22 ||    32
  Dodge: Dodged            |    21 |    29 |    15 ||    65

Table legend:
 A = Non-vault XP
 B = Vault XP
 C = Vault XP percentage of total XP
 D = Non-vault monster count
 E = Vault monster count
 F = Vault count percentage of total count
                 A         B        C        D         E       F
            +---------+---------+-------+---------+---------+-------
      Total |    1523 |      52 |   3.3 |     118 |       3 |   2.5
            +---------+---------+-------+---------+---------+-------
        D:1 |      40 |       0 |   0.0 |      24 |       0 |   0.0
        D:2 |      97 |       0 |   0.0 |      23 |       0 |   0.0
        D:3 |      77 |       0 |   0.0 |      14 |       0 |   0.0
        D:4 |     332 |       0 |   0.0 |      23 |       0 |   0.0
        D:5 |     278 |      52 |  15.8 |      14 |       3 |  17.6
        D:6 |     510 |       0 |   0.0 |      16 |       0 |   0.0
        D:7 |     189 |       0 |   0.0 |       4 |       0 |   0.0
            +---------+---------+-------+---------+---------+-------
